 Dungeon Crawl Stone Soup version 0.26-a0-591-g04f19ec95a (webtiles) character file.

Game seed: 5802194068539036480

38351 Pykner the Bludgeoner (level 14, 0/114 HPs)
             Began as a Formicid Warper on Aug 24, 2020.
             Was the Champion of Okawaru.
             Slain by an eight-headed hydra (11 damage)
             ... on level 6 of the Lair of Beasts.
             The game lasted 00:50:35 (20884 turns).

Pykner the Bludgeoner (Formicid Warper)            Turns: 20884, Time: 00:50:35

Health: 0/114      AC: 26    Str: 24    XL:     14   Next: 33%
Magic:  18/18      EV: 12    Int: 14    God:    Okawaru [******]
Gold:   2895       SH:  0    Dex: 12    Spells: 17/17 levels left

rFire    + . .     SeeInvis +   q - +3 dire flail
rCold    + . .     Faith    .   (no shield)
rNeg     + . .     Spirit   .   U - +4 plate armour {rC+}
rPois    .         Reflect  .   (helmet unavailable)
rElec    +         Harm     .   j - +1 cloak of Starlight {rElec rC+ EV+4 Stlth--}
rCorr    .                      H - +1 pair of gloves {archery}
MR       +....                  a - +1 pair of boots {Stlth+}
Stlth    ..........             l - amulet of magic regeneration
HPRegen  0.29/turn              m - +6 ring of strength
MPRegen  0.41/turn              J - ring of Generosity {Fire rN+}

@: no status effects
A: permanent stasis, dig shafts and tunnels, four strong arms, antennae 3
a: Dig, Shaft Self, Heroism, Finesse, Renounce Religion


You were on level 6 of the Lair of Beasts.
You worshipped Okawaru.
Okawaru was exalted by your worship.
You visited 2 branches of the dungeon, and saw 18 of its levels.
You also visited: Sewer, Ossuary and Gauntlet.

You collected 2895 gold pieces.

Inventory:

Hand Weapons
 q - a +3 dire flail (weapon)
 T - a +4 battleaxe of freezing
 V - the +3 hunting sling of Impatience {vorpal, rPois rF+ Dex+3}
   (You found it on level 8 of the Dungeon)

   Any stone fired from it inflicts extra damage.
   It affects your dexterity (+3).
   It protects you from fire.
   It protects you from poison.
Missiles
 d - 4 boomerangs of dispersal
 D - 25 boomerangs (quivered)
 X - 5 silver boomerangs
Armour
 a - a +1 pair of boots of stealth (worn)
 j - the +1 cloak of Starlight (worn) {rElec rC+ EV+4 Stlth--}
   (You found it in a Gauntlet)

   It affects your evasion (+4).
   It protects you from cold.
   It insulates you from electricity.
   It makes you much less stealthy.
 k - a +1 crystal plate armour
 H - a +1 pair of gloves of archery (worn)
 N - the +1 scale mail of the Land of Plenty {Rampage rElec Regen+ Dex+2}
   (You found it on level 6 of the Dungeon)

   It affects your dexterity (+2).
   It insulates you from electricity.
   It increases your rate of regeneration.
   It bestows one free step when moving towards enemies.
 U - a +4 plate armour of cold resistance (worn)
Jewellery
 l - an amulet of magic regeneration (around neck)
 m - a +6 ring of strength (left hand)
 n - an uncursed amulet of reflection {unknown}
 J - the ring of Generosity (right hand) {Fire rN+}
   (You took it off a minotaur in a Gauntlet)

   [ring of fire]

   It enhances your fire magic.
   It protects you from fire.
   It makes you vulnerable to cold.
   It protects you from negative energy.
 M - an uncursed ring of ice
Wands
 i - a wand of digging (5)
 r - a wand of polymorph (6)
 s - a wand of random effects (17)
 L - a wand of paralysis (15)
 O - a wand of iceblast (37)
 Q - a wand of flame (51)
 R - a wand of enslavement (21)
 W - a wand of acid (22)
Scrolls
 e - 7 scrolls of identify
 f - 4 scrolls of enchant armour
 g - 7 scrolls of amnesia
 o - a scroll of immolation
 u - 2 scrolls of enchant weapon
 y - 7 scrolls of remove curse
 A - 4 scrolls of magic mapping
 F - 3 scrolls of fog
 S - 2 scrolls of fear
Potions
 b - a potion of mutation
 c - 4 potions of heal wounds
 h - 2 potions of brilliance
 p - 2 potions of lignification
 t - 7 potions of flight
 w - 13 potions of ambrosia
 z - 3 potions of cancellation
 C - 7 potions of curing
 E - 3 potions of might
 G - 2 potions of magic
 P - 2 potions of stabbing
 Z - a potion of invisibility


   Skills:
 + Level 11.8 Fighting
 * Level 16.9 Maces & Flails
 - Level 1.0 Throwing
 + Level 10.6 Armour
 - Level 2.0 Dodging
 - Level 3.3 Stealth
 - Level 2.4 Spellcasting
   Level 2.6 Translocations
 * Level 6.5 Invocations
 + Level 1.5 Evocations


You had 17 spell levels left.
You didn't know any spells.
Your spell library contained the following spells:

 Spells                   Type           Power        Failure   Level
 Gell's Gravitas          Tloc           #.........   94%         3
 Lesser Beckoning         Tloc           #.........   94%         3
 Teleport Other           Tloc           #.......     94%         3
 Ignite Poison            Fire/Tmut/Pois #.......     100%        3
 Static Discharge         Conj/Air       #.......     100%        3
 Cause Fear               Hex            #.........   100%        4
 Passage of Golubria      Tloc           N/A          100%        4
 Fireball                 Conj/Fire      #.........   100%        5
 Irradiate                Conj/Tmut      #.........   100%        5
 Lightning Bolt           Conj/Air       #.........   100%        5
 Silence                  Hex/Air        #.........   100%        5
 Yara's Violent Unravell  Hex/Tmut       #.........   100%        5
 Hydra Form               Tmut           #.........   100%        6
 Starburst                Conj/Fire      #.........   100%        6
 Statue Form              Tmut/Erth      #........    100%        6
 Dragon Form              Tmut           #.........   100%        7
 Discord                  Hex            #.........   100%        8
 Ignition                 Fire           #.........   100%        8
 Shatter                  Erth           #.........   100%        9
 Tornado                  Air            #.........   100%        9
 Blink                    Tloc           Unusable     N/A         2

Dungeon Overview and Level Annotations

Branches:
Dungeon (12/15)            Temple (0/1) D:7            Lair (6/6) D:10
  Swamp (0/4) Lair:4       Spider (0/4) Lair:3        Slime (0/5) Lair:5
    Orc (0/2) D:11          Sewer (visited)         Ossuary (visited)
Gauntlet (visited)

Altars:
Dithmenos
Elyvilon
Hepliaklqana
Makhleb
Okawaru
Qazlal
Ru
Trog
Uskayaw
Vehumet
Xom
Yredelemnul
Zin
The Shining One
Jiyva

Shops:
D:11 (

Annotations:
Lair:6 1 exclusion


Innate Abilities, Weirdness & Mutations

You cannot be hasted, slowed, berserked, paralysed or teleported.
You can dig through walls and to a lower floor.
Your four strong arms can wield two-handed weapons with a shield.
You have a pair of large antennae on your head. (SInv)


Message History

You hit the eight-headed hydra.
The eight-headed hydra is severely wounded.
Unknown command.
You hit the eight-headed hydra.
The eight-headed hydra is almost dead.
The eight-headed hydra bites you but does no damage. x5
The eight-headed hydra closely misses you.
The eight-headed hydra bites you!
* * * LOW HITPOINT WARNING * * *
The eight-headed hydra bites you.
* * * LOW HITPOINT WARNING * * *
You barely miss the eight-headed hydra.
The eight-headed hydra is almost dead.
A nearby plant withers and dies.
You sock the eight-headed hydra!
The eight-headed hydra is almost dead.
The eight-headed hydra misses you. The eight-headed hydra bites you!
* * * LOW HITPOINT WARNING * * *
The eight-headed hydra bites you!
You die...

.# #...#.
........###....#####
...............(#..##
............#.......#
....................####
#...).....#P.†.........#
#.............# Y....P..
##.....P..P...###....PP.
....?..)......YD@#
.....[....!..P.###
.....P..?...(..{#
.........P.=?.###
..÷...P...P.?##
....#....$....#
≈$÷.#....P..P.#
≈P..#.#....#### .#
♣≈.(####....# .#####


You could see an eight-headed hydra and a yak.

Vanquished Creatures
  2 dire elephants (Lair:6)
  A minotaur (Gauntlet)
  2 hydras
  An ice dragon (Lair:5)
  Erica (D:9)
  A catoblepas (Lair:3)
  An anaconda (Lair:6)
  A hell hog (Gauntlet)
  A wolf spider (Lair:3)
  4 black mambas
  Maurice (D:9)
  Joseph (D:8)
  4 elephants (Lair:5)
  A gargoyle (D:11)
  6 cane toads
  An ice statue (Lair:5)
  Psyche (D:8)
  6 rime drakes
  4 komodo dragons
  2 polar bears
  A queen bee (Lair:2)
  2 trolls (D:9)
  A hornet (D:11)
  A bog body (Lair:4)
  5 hippogriffs
  Prince Ribbit (D:9)
  18 blink frogs
  5 shadows (Gauntlet)
  A wraith (D:11)
  A wyvern (Lair:4)
  3 fire bats (Gauntlet)
  25 yaks
  Grum (D:8)
  2 basilisks
  A vampire mosquito (D:12)
  A steam dragon (D:9)
  4 swamp worms (Lair:4)
  3 hell hounds (Gauntlet)
  11 water moccasins
  7 porcupines
  A swamp drake (D:11)
  An orc warrior (D:11)
  2 black bears
  4 sky beasts
  8 ice beasts
  5 ogres
  8 wolves
  3 centaurs
  6 crocodiles
  3 big kobolds
  12 bullfrogs
  A gnoll sergeant (D:9)
  A water moccasin zombie (Ossuary)
  7 scorpions
  27 killer bees
  A howler monkey (D:4)
  20 wights
  5 electric eels
  A centaur zombie (D:5)
  A bullfrog zombie (D:8)
  2 jellies
  A quasit (D:7)
  2 orc priests
  5 hounds
  7 orc wizards
  A bullfrog skeleton (D:11)
  4 iguanas
  Jessica (D:2)
  6 worker ants
  5 big kobold zombies (Ossuary)
  A hound skeleton (D:4)
  2 mummies (Ossuary)
  A worker ant zombie (D:6)
  9 gnolls
  4 river rats (Sewer)
  11 adders
  2 howler monkey skeletons (D:8)
  A shadow imp (D:6)
  7 white imps
  An ufetubus (D:5)
  An adder skeleton (D:6)
  3 adder zombies (Ossuary)
  3 worms
  A dart slug (D:1)
  3 leopard geckos
  38 orcs
  7 bats
  8 giant cockroaches
  3 gnoll zombies
  4 goblins
  6 hobgoblins
  12 jackals
  6 quokkas
  A ball python (D:5)
  6 frilled lizards
  2 goblin zombies (D:6)
  6 hobgoblin zombies (Ossuary)
  A jackal zombie (D:6)
  15 kobolds
  6 kobold zombies (Ossuary)
  2 leopard gecko skeletons
  6 orc zombies (Ossuary)
  6 rats
472 creatures vanquished.

Vanquished Creatures (others)
  A bullfrog (D:9)
  A bush (Lair:6)
  20 fungi
  55 plants
  14 withered plants (Gauntlet)
91 creatures vanquished.

Grand Total: 563 creatures vanquished

Notes
Turn   | Place    | Note
-------+----------+-------------------------------------------
     0 | D:1      | Pykner the Formicid Warper began the quest for the Orb.
     0 | D:1      | Reached XP level 1. HP: 16/16 MP: 3/3
    41 | D:1      | Reached XP level 2. HP: 23/23 MP: 5/5
   329 | D:1      | Reached XP level 3. HP: 21/28 MP: 6/6
  1029 | D:2      | Noticed Jessica
  1059 | D:2      | Killed Jessica
  1059 | D:2      | Reached skill level 3 in Maces & Flails
  1059 | D:2      | Reached XP level 4. HP: 28/34 MP: 7/7
  1120 | D:2      | Found a radiant altar of Vehumet.
  1255 | D:2      | Reached skill level 4 in Maces & Flails
  1419 | D:2      | Reached XP level 5. HP: 30/39 MP: 8/8
  2415 | D:3      | Reached skill level 5 in Maces & Flails
  2415 | D:3      | Reached XP level 6. HP: 40/46 MP: 9/9
  2854 | D:3      | Found a burning altar of Makhleb.
  3024 | D:4      | Found a glowing drain.
  3062 | Sewer    | Entered a sewer
  3545 | Sewer    | Found a white marble altar of Elyvilon.
  3743 | D:4      | Reached skill level 6 in Maces & Flails
  4006 | D:4      | Reached XP level 7. HP: 49/52 MP: 10/10
  4429 | D:4      | Found a glowing silver altar of Zin.
  4615 | D:5      | Entered Level 5 of the Dungeon
  4615 | D:5      | Found a shadowy altar of Dithmenos.
  4865 | D:5      | Reached skill level 7 in Maces & Flails
  4957 | D:5      | Found an iron altar of Okawaru.
  4999 | D:5      | Became a worshipper of Warmaster Okawaru
  5049 | D:5      | Reached XP level 8. HP: 35/58 MP: 11/11
  5603 | D:6      | Reached skill level 8 in Maces & Flails
  5656 | D:6      | Reached * piety under Okawaru
  5724 | D:6      | Found a sand-covered staircase.
  5749 | Ossuary  | Entered an ossuary
  6342 | D:6      | Found a sacrificial altar of Ru.
  6349 | D:6      | Reached skill level 9 in Maces & Flails
  6457 | D:6      | Reached XP level 9. HP: 20/65 MP: 12/12
  6795 | D:6      | Got an encrusted scale mail
  6806 | D:6      | Identified the cursed +1 scale mail of the Land of Plenty
                  | {Rampage rElec Regen+ Dex+2} (You found it on level 6 of
                  | the Dungeon)
  6857 | D:6      | Found a glowing golden altar of the Shining One.
  7134 | D:7      | Found a staircase to the Ecumenical Temple.
  7181 | D:7      | Reached ** piety under Okawaru
  7205 | D:7      | Found a hazy altar of Hepliaklqana.
  7227 | D:7      | Reached skill level 10 in Maces & Flails
  7298 | D:7      | Found a shimmering altar of Xom.
  7386 | D:7      | Found a bloodstained altar of Trog.
  7750 | D:8      | Reached skill level 5 in Fighting
  7750 | D:8      | Reached skill level 5 in Armour
  7753 | D:8      | Reached skill level 11 in Maces & Flails
  7770 | D:8      | Reached *** piety under Okawaru
  7805 | D:8      | Reached XP level 10. HP: 71/74 MP: 13/13
  7919 | D:8      | Noticed Grum
  7949 | D:8      | Killed Grum
  8085 | D:8      | Found a basalt altar of Yredelemnul.
  8301 | D:8      | Noticed Joseph
  8320 | D:8      | Killed Joseph
  8320 | D:8      | Reached skill level 12 in Maces & Flails
  8320 | D:8      | Reached skill level 1 in Stealth
  8343 | D:8      | Noticed Psyche
  8348 | D:8      | Killed Psyche
  8354 | D:8      | Found a hide-covered altar of Uskayaw.
  8418 | D:8      | Reached **** piety under Okawaru
  8746 | D:8      | Found a bloodstained altar of Trog.
  8746 | D:8      | Found a stormy altar of Qazlal.
  8782 | D:8      | Got a scorched hunting sling
  8783 | D:8      | Identified the +3 hunting sling of Impatience {vorpal,
                  | rPois rF+ Dex+3} (You found it on level 8 of the Dungeon)
  9381 | D:9      | Noticed Erica
  9398 | D:9      | Killed Erica
  9398 | D:9      | Received a gift from Okawaru
  9405 | D:9      | You fall into a shaft and drop 1 floor!
  9405 | D:10     | Entered Level 10 of the Dungeon
  9522 | D:10     | Reached ***** piety under Okawaru
  9522 | D:10     | Reached skill level 13 in Maces & Flails
  9522 | D:10     | Reached XP level 11. HP: 47/81 MP: 14/14
  9816 | D:10     | Found a staircase to the Lair.
 10082 | D:9      | Noticed Maurice
 10091 | D:9      | Killed Maurice
 10091 | D:9      | Received a gift from Okawaru
 10229 | D:9      | Reached skill level 1 in Evocations
 10293 | D:9      | Noticed Prince Ribbit
 10306 | D:9      | Killed Prince Ribbit
 10517 | D:9      | Found a white marble altar of Elyvilon.
 10885 | D:11     | Found Meqeegul's Weapon Boutique.
 10885 | D:11     | Noticed an orc knight
 11008 | D:11     | Found a staircase to the Orcish Mines.
 11060 | D:11     | Reached skill level 14 in Maces & Flails
 12042 | D:12     | Received a gift from Okawaru
 12043 | D:12     | Got an ivory hunting sling {god gift}
 12047 | D:12     | Identified the +3 hunting sling of the Wary Hells {freeze,
                  | rN+ Int-2 Dex+7} (Okawaru gifted it to you on level 12 of
                  | the Dungeon)
 12101 | D:12     | Found a glowing golden altar of the Shining One.
 12173 | D:12     | Noticed a deep elf mage
 12262 | Lair:1   | Entered Level 1 of the Lair of Beasts
 12428 | Lair:1   | Reached XP level 12. HP: 35/92 MP: 15/15
 12917 | Lair:1   | Identified the cursed +3 mace of Propriety {vorpal, rF+
                  | MR+} (You found it on level 1 of the Lair of Beasts)
 13357 | Lair:2   | Received a gift from Okawaru
 13573 | Lair:2   | Reached skill level 15 in Maces & Flails
 13893 | Lair:2   | Noticed a six-headed hydra
 13918 | Lair:2   | Killed a six-headed hydra
 13918 | Lair:2   | Reached skill level 1 in Invocations
 14628 | Lair:3   | Found a gate leading to a gauntlet.
 14645 | Gauntlet | Entered a Gauntlet
 14645 | Gauntlet | Found a large runed translucent door.
 14645 | Gauntlet | Found a large runed translucent door.
 14645 | Gauntlet | Found a large runed translucent door.
 14645 | Gauntlet | Found a large runed translucent door.
 14645 | Gauntlet | Found a large runed translucent door.
 14645 | Gauntlet | Found a large runed translucent door.
 14645 | Gauntlet | Found a runed translucent door.
 14645 | Gauntlet | Found a transporter.
 14645 | Gauntlet | Found a transporter.
 14645 | Gauntlet | Found a runed translucent door.
 14645 | Gauntlet | Found a large runed translucent door.
 14645 | Gauntlet | Found a large runed translucent door.
 14645 | Gauntlet | Found a large runed translucent door.
 14645 | Gauntlet | Found a large runed translucent door.
 14645 | Gauntlet | Found a large runed translucent door.
 14645 | Gauntlet | Found a large runed translucent door.
 14665 | Gauntlet | Found a transporter.
 14665 | Gauntlet | Found a transporter.
 14666 | Gauntlet | Found a large runed translucent door.
 14666 | Gauntlet | Found a large runed translucent door.
 14666 | Gauntlet | Found a large runed translucent door.
 14666 | Gauntlet | Found a large runed translucent door.
 14670 | Gauntlet | Found a runed translucent gate.
 14670 | Gauntlet | Found a runed translucent gate.
 14670 | Gauntlet | Found a runed translucent gate.
 14675 | Gauntlet | Found a transporter.
 14676 | Gauntlet | Found the +1 cloak of Starlight {rElec rC+ EV+4 Stlth--}
 14685 | Gauntlet | Found a transporter.
 14685 | Gauntlet | Found a transporter.
 14685 | Gauntlet | Noticed a five-headed hydra
 14689 | Gauntlet | Noticed a hell hog
 14697 | Gauntlet | Found a transporter.
 14704 | Gauntlet | Found a transporter.
 14716 | Gauntlet | Found a transporter.
 14736 | Gauntlet | Found a transporter.
 14746 | Gauntlet | Found a transporter.
 14791 | Gauntlet | Found a transporter.
 14816 | Gauntlet | Found a transporter.
 14915 | Gauntlet | Found a transporter.
 14931 | Gauntlet | Found a transporter.
 15333 | Gauntlet | Killed a hell hog
 15333 | Gauntlet | Reached XP level 13. HP: 86/103 MP: 13/16
 15342 | Gauntlet | Reached skill level 10 in Fighting
 15487 | Gauntlet | Identified the cursed +1 rapier of Indomitability {freeze,
                  | rElec rF- rC- Int+9}
 15487 | Gauntlet | Identified the ring of Generosity {Fire rN+}
 15487 | Gauntlet | Noticed a minotaur
 15497 | Gauntlet | Killed a minotaur
 15731 | Lair:3   | Noticed a catoblepas
 15752 | Lair:3   | Killed a catoblepas
 15875 | Lair:3   | Noticed a seven-headed hydra
 15898 | Lair:3   | Killed a seven-headed hydra
 16207 | Lair:3   | Found a hole to the Spider Nest.
 16495 | Lair:3   | Received a gift from Okawaru
 16535 | Lair:3   | Got a jewelled demon whip {god gift}
 16536 | Lair:3   | Identified the +0 demon whip "Tesiaheuro" {venom, rN+}
                  | (Okawaru gifted it to you on level 3 of the Lair of Beasts)
 17217 | Lair:4   | Reached skill level 16 in Maces & Flails
 17384 | Lair:4   | Found a staircase to the Swamp.
 18520 | Lair:5   | Reached skill level 5 in Invocations
 18755 | Lair:5   | Noticed an ice dragon
 18799 | Lair:5   | Killed an ice dragon
 18799 | Lair:5   | Reached ****** piety under Okawaru
 18799 | Lair:5   | Reached skill level 10 in Armour
 19292 | Lair:5   | Found a staircase to the Slime Pits.
 19299 | Lair:5   | Found a viscous altar of Jiyva.
 19461 | Lair:5   | Identified a scroll of acquirement
 19461 | Lair:5   | Acquired 1570 gold pieces
 19803 | Lair:5   | Received a gift from Okawaru
 20007 | Lair:5   | Identified the +6 spear of the Shallot {freeze, *Slow +Fly
                  | rPois} (You found it on level 5 of the Lair of Beasts)
 20015 | Lair:6   | Entered Level 6 of the Lair of Beasts
 20029 | Lair:6   | Noticed an anaconda
 20042 | Lair:6   | Killed an anaconda
 20042 | Lair:6   | Reached XP level 14. HP: 78/113 MP: 18/18
 20042 | Lair:6   | Noticed a dire elephant
 20042 | Lair:6   | Noticed a dire elephant
 20053 | Lair:6   | Killed a dire elephant
 20062 | Lair:6   | Killed a dire elephant
 20884 | Lair:6   | Slain by an eight-headed hydra

Illustrated notes

Levels and vault maps discovered:
D:1:      dpeg_arrival_round_c, layout_basic
D:2:      layout_basic, nicolae_overflow_crystal_walls, minmay_quantized,
          uniq_jessica
D:3:      layout_loops_corners, bloody_makhleb
D:4:      layout_loops_corners, kennysheep_little_box, gup_sewer_entry_glass
D:5:      layout_basic, overflow_temple_1_default, grunt_dithmenos_smoke
D:6:      layout_loops_ring, nicolae_tso_carved_into_rock, enter_ossuary_4,
          nicolae_ru_awakened_eye
D:7:      layout_basic, overflow_temple_1_default, xom_butterflies,
          minmay_temple_entry_statues_pillars, basic_altar
D:8:      layout_layer_cave, gammafunk_temple_overflow_statue,
          lemuel_zombie_altar_yredelemnul, old_standard_altar,
          chequers_big_river, uniq_grum, uniq_joseph, uniq_psyche
D:9:      layout_cave_pools, elyvilon_altar_1, lemuel_flamethrower_2,
          uniq_maurice, uniq_prince_ribbit1, uniq_erica
D:10:     layout_rooms, lair_entry_dummy
D:11:     layout_gridville, orc_david_3, minmay_holes, minmay_misc_feat_roman
D:12:     layout_cave_pods, serial_shops, shop_fountains, basic_altar
Lair:1:   layout_roguey
Lair:2:   layout_roguey [special_room_bee], infiniplex_staircase_pool,
          grunt_megastairs_4
Lair:3:   layout_chaotic_city, spider_nest_entry_rubble, gauntlet_entry_generic
Lair:4:   layout_regular_city, nicolae_swamp_entry_splash_gauntlet
Lair:5:   layout_cave_shapes, slime_altar_1, ice2_lemuel, serial_bayou_shore_a
Lair:6:   due_jungle_book, layout_cave_pods, serial_bayou_pond_c,
          minmay_lair_drake_nest

Skill      XL: |  1  2  3  4  5  6  7  8  9 10 11 12 13 14 |
---------------+-------------------------------------------+-----
Dodging        | 2 |  2.0
Maces & Flails | 3 4 5 6 7 9 11 13 14 15 16 | 16.9
Armour         | 2 3 4 5 6 7 8 10 | 10.6
Fighting       | 3 4 5 6 7 9 11 | 11.8
Stealth        | 2 3 |  3.3
Evocations     | 1 |  1.5
Invocations    | 2 5 6 |  6.5
Throwing       | |  1.0
Spellcasting   | |  2.4
Translocations | |  2.6

Action                   |  1- 3 |  4- 6 |  7- 9 | 10-12 | 13-15 || total
-------------------------+-------+-------+-------+-------+-------++-------
Melee: Mace              |    70 |   106 |       |     4 |    38 ||   218
       Morningstar       |       |   204 |   125 |       |       ||   329
       Flail             |       |       |   312 |   480 |       ||   792
       Dire flail        |       |       |       |   377 |   451 ||   828
       Punch             |       |       |       |     1 |       ||     1
Throw: Boomerang         |       |       |    12 |       |       ||    12
       Dart              |       |       |       |     3 |       ||     3
       Throwing net      |       |       |       |     1 |       ||     1
Invok: Heroism           |       |       |       |     5 |     4 ||     9
       Finesse           |       |       |       |       |     1 ||     1
 Abil: Dig               |       |       |     7 |     9 |     5 ||    21
       Shaft Self        |       |       |       |     1 |       ||     1
Evoke: Wand              |       |       |     5 |     8 |       ||    13
  Use: Scroll            |       |       |    12 |    16 |    10 ||    38
       Potion            |       |       |     4 |     8 |     2 ||    14
 Stab: Held in net/web   |       |       |       |     3 |       ||     3
       Paralysed         |       |       |       |     6 |       ||     6
       Distracted        |       |       |       |     1 |       ||     1
       Sleeping          |       |       |       |     1 |       ||     1
Armor: Leather armour    |    17 |     2 |       |       |       ||    19
       Ring mail         |       |     5 |       |       |       ||     5
       Scale mail        |       |   163 |    73 |   218 |    12 ||   466
       Chain mail        |       |       |   107 |       |       ||   107
       Skin              |       |       |       |   104 |       ||   104
       Plate armour      |       |       |       |       |   267 ||   267
Dodge: Dodged            |    62 |   225 |   185 |   265 |   259 ||   996

Table legend: (Time is in decaauts)
 A = Elapsed time spent in this place.
 B = Non-inter-level travel time spent in this place.
 C = Inter-level travel time spent in this place.
 D = Time resting spent in this place.
 E = Time spent auto-exploring this place.
 F = Levels seen in this place.
 G = Mean time per level.
                   A        B        C        D        E       F      G
               +--------+--------+--------+--------+--------+-----+--------+
         Total |  20583 |  20112 |    471 |   2899 |  12619 |  21 |  980.1 |
       Dungeon |  11128 |  10765 |    363 |   1259 |   7043 |  12 |  927.3 |
          Lair |   7443 |   7336 |    107 |   1434 |   4677 |   6 | 1240.5 |
         Sewer |    586 |    586 |      0 |    163 |    240 |   1 |  586.0 |
       Ossuary |    572 |    572 |      0 |      0 |    355 |   1 |  572.0 |
      Gauntlet |    852 |    852 |      0 |     43 |    302 |   1 |  852.0 |
               +--------+--------+--------+--------+--------+-----+--------+

Top non-repeatable levels by time:
  Lair:5: 1950 daAuts
     D:8: 1686 daAuts
  Lair:3: 1647 daAuts
     D:3: 1319 daAuts
    D:11: 1236 daAuts
  Lair:2: 1174 daAuts
     D:6: 1132 daAuts
     D:4: 1081 daAuts
  Lair:4: 1078 daAuts
     D:1: 1042 daAuts
  Lair:1: 1000 daAuts
Gauntlet: 852 daAuts
     D:5: 818 daAuts
     D:2: 721 daAuts
    D:10: 686 daAuts
